 Dungeon Crawl Stone Soup version 0.18.1-50-g88ac8fd (webtiles) character file.

1222 Kirkhe the Covert (level 8, -3/50 HPs)
             Began as an Octopode Assassin on Oct 15, 2016.
             Slain by a giant frog skeleton (7 damage)
             ... on level 6 of the Dungeon on Oct 16, 2016.
             The game lasted 00:12:07 (5013 turns).

Kirkhe the Covert (Octopode Assassin)               Turns: 5013, Time: 00:12:07

Health: -3/50      AC:  1    Str: 15      XL:     8   Next: 47%
Magic:  8/8        EV: 11    Int: 14 (15) God:
Gold:   264        SH:  0    Dex: 13 (14) Spells: 0 memorised, 7 levels left

rFire  . . .     SeeInvis .     a - +3 dagger
rCold  . . .     Gourm    .     (no shield)
rNeg   . . .     Faith    .     (helmet restricted)
rPois  .         Spirit   .     (no amulet)
rElec  .         Dismiss  .     q - ring of resist corrosion
rCorr  +         Reflect  .     (no ring)
SustAt .         Harm     .     x - ring of protection from magic
MR     +....                    (no ring)
Stlth  +++++++...               (no ring)
                                (no ring)
                                (no ring)
                                (no ring)

@: mighty, somewhat resistant to hostile enchantments, extremely stealthy
A: almost no armour, amphibious, 8 rings, constrict 8, camouflage 1, gelatinous
body 1
a: no special abilities


You were on level 6 of the Dungeon.
You were not hungry.

You visited 2 branches of the dungeon, and saw 7 of its levels.

You collected 309 gold pieces.
You spent 45 gold pieces at shops.

Inventory:

Hand Weapons
 a - a +3 dagger (weapon)
 b - a +0 blowgun
Missiles
 c - 42 poisoned needles
 d - 9 curare-tipped needles
 t - a throwing net (quivered)
 w - 5 needles of frenzy
Jewellery
 q - a ring of resist corrosion (left tentacle)
 x - a ring of protection from magic (on tentacle)
Wands
 k - a wand of disintegration (0/24)
 n - a wand of confusion (23/48)
 y - a wand of paralysis (13/24)
 z - a wand of heal wounds (1/9)
Scrolls
 g - 2 scrolls of remove curse
 h - 3 scrolls of teleportation
 l - a scroll of blinking
 m - a scroll of magic mapping
 s - 2 scrolls of identify
 u - 2 scrolls of enchant weapon
 v - a scroll of enchant armour
Potions
 o - a potion of brilliance
 p - a potion of lignification
Books
 e - Sif Muna's Almanac of Stones
   (You found it on level 3 of the Dungeon)

   Spells                             Type                      Level
   a - Sandblast                      Earth                        1
 B - a book of Death

   Spells                             Type                      Level
   a - Corpse Rot                     Necromancy                   2
   b - Sublimation of Blood           Necromancy                   2
   c - Agony                          Necromancy                   5
   d - Dispel Undead                  Necromancy                   5
   e - Excruciating Wounds            Charms/Necromancy            5
   f - Bolt of Draining               Conjuration/Necromancy       5
Comestibles
 f - 3 bread rations
 j - 2 meat rations
 r - 2 slices of pizza


   Skills:
 + Level 2.0 Fighting
 + Level 3.8 Short Blades
 - Level 2.6 Throwing
 + Level 1.0 Dodging
 - Level 13.4 Stealth


You had 7 spell levels left.
You didn't know any spells.

Dungeon Overview and Level Annotations

Branches:
Dungeon (6/15)             Temple (1/1) D:5

Altars:
Ashenzari
Cheibriados
Gozag
Kikubaaqudgha
Makhleb
Nemelex Xobeh
Okawaru
Ru
Sif Muna
Trog
Vehumet
Xom
Zin
The Shining One

Shops:
D:5 ((?


Innate Abilities, Weirdness & Mutations

You cannot wear most types of armour.
You are amphibious.
You can wear up to eight rings at the same time.
You can use your tentacles to constrict eight enemies at once.
Your skin changes colour to match your surroundings (Stealth).
Your rubbery body absorbs attacks (AC +1).


Message History

You see here 2 arrows.
The centaur shoots an arrow.
The arrow hits you!
A giant frog skeleton comes into view.
The centaur shoots an arrow.
The arrow barely misses you.
You see here a scroll of identify.
The centaur unwields an uncursed shortbow.
The centaur hits you. x2
* * * LOW HITPOINT WARNING * * *
Drink which item? (? for menu, Esc to quit)
It was a potion of might.
You feel very mighty all of a sudden. The centaur hits you.
* * * LOW HITPOINT WARNING * * *
The giant frog skeleton hits you.
* * * LOW HITPOINT WARNING * * *
Read which item? (? for menu, Esc to quit)
As you read the scroll of fear, it crumbles to dust.
You assume a fearsome visage.
The giant frog skeleton is unaffected.
The centaur looks frightened!
The giant frog skeleton hits you!
You die...

...... ..... ....
###... .. ##..... ..
.. .....c.## ... ##.#
#.....Z####... #..
.#.. #.@.#..... #.#
.#.. ##?....# ..#
..... #...### ..###
##....# #((##
....###......###(##
.##...........#.(#
#####............# #
###.###........## #.#
#.....#...###...##...#


You could see a centaur (fleeing) and a giant frog skeleton.

Vanquished Creatures
  2 phantoms (D:4)
  An ice beast (D:5)
  An orc warrior (D:3)
  A centaur (D:6)
  A scorpion (D:6)
  A howler monkey (D:4)
  2 giant frog skeletons
  A jelly (D:6)
  2 orc priests
  8 orc wizards
  3 worker ants
  A hound skeleton (D:4)
  A worker ant zombie (D:5)
  5 adders
  6 gnolls
  3 oozes
  8 worms
  3 dart slugs
  5 giant geckos
  13 orcs
  3 ball pythons
  7 bats
  3 giant cockroaches
  5 goblins
  6 hobgoblins
  3 jackals
  3 quokkas
  8 giant newts
  6 kobolds
  9 rats
121 creatures vanquished.

Notes
Turn   | Place    | Note
--------------------------------------------------------------
     0 | D:1      | Kirkhe the Octopode Assassin began the quest for the Orb.
     0 | D:1      | Reached XP level 1. HP: 14/14 MP: 1/1
   110 | D:1      | Reached XP level 2. HP: 12/19 MP: 2/2
   379 | D:1      | Reached skill level 6 in Stealth
   476 | D:1      | Reached XP level 3. HP: 24/24 MP: 3/3
   730 | D:2      | Found a bloodstained altar of Trog.
   982 | D:2      | Reached skill level 7 in Stealth
  1271 | D:2      | Found a shimmering altar of Xom.
  1346 | D:2      | Found a faded altar to an unknown god.
  1441 | D:2      | Found an ancient bone altar of Kikubaaqudgha.
  1442 | D:2      | Reached XP level 4. HP: 29/29 MP: 4/4
  1622 | D:2      | Found a radiant altar of Vehumet.
  2028 | D:3      | Reached skill level 8 in Stealth
  2031 | D:3      | Reached XP level 5. HP: 34/34 MP: 5/5
  2085 | D:3      | Noticed an orc warrior
  2401 | D:3      | Killed an orc warrior
  2401 | D:3      | Reached skill level 9 in Stealth
  2401 | D:3      | Reached XP level 6. HP: 39/39 MP: 6/6
  2500 | D:3      | Reached skill level 10 in Stealth
  2837 | D:3      | Found a deep blue altar of Sif Muna.
  2849 | D:3      | Reached XP level 7. HP: 45/45 MP: 7/7
  2852 | D:3      | Identified Sif Muna's Almanac of Stones
  3002 | D:4      | Found a sparkling altar of Nemelex Xobeh.
  3028 | D:4      | Reached skill level 11 in Stealth
  3461 | D:4      | HP: 1/45 [phantom (7)]
  3468 | D:4      | Reached skill level 12 in Stealth
  3922 | D:4      | Reached XP level 8. HP: 13/50 MP: 8/8
  4217 | D:5      | Entered Level 5 of the Dungeon
  4231 | D:5      | Found Giefut's Weapon Emporium.
  4244 | D:5      | Found a staircase to the Ecumenical Temple.
  4286 | D:5      | Found Nausiowi's Antique Weapon Boutique.
  4368 | D:5      | Reached skill level 13 in Stealth
  4401 | Temple   | Entered the Ecumenical Temple
  4752 | D:5      | Found Laak's Magic Scroll Emporium.
  4755 | D:5      | Bought a scroll of teleportation for 45 gold pieces
  4973 | D:6      | Found an opulent altar of Gozag.
  5013 | D:6      | Slain by a giant frog skeleton

Skill      XL: |  1  2  3  4  5  6  7  8 |
---------------+-------------------------+-----
Stealth        | 6 7 8 9 10 12 13 | 13.4
Short Blades   | 3 |  3.8
Fighting       | |  2.0
Throwing       | |  2.6
Dodging        | |  1.0

Action                   |  1- 3 |  4- 6 |  7- 9 || total
-------------------------+-------+-------+-------++-------
Melee: Dagger            |    57 |    71 |   113 ||   241
       Constrict         |     8 |    10 |    23 ||    41
       Tentacles         |     5 |     9 |    17 ||    31
 Fire: Blowgun           |       |     6 |     2 ||     8
Throw: Throwing net      |       |       |     1 ||     1
Evoke: Wand              |       |       |     4 ||     4
  Use: Scroll            |       |     6 |     9 ||    15
       Potion            |       |       |     4 ||     4
 Stab: Sleeping          |    22 |    26 |    14 ||    62
       Distracted        |       |       |     1 ||     1
  Eat: Chunk             |     1 |     5 |     7 ||    13
Armor: Skin              |     4 |     2 |     4 ||    10
Dodge: Dodged            |    13 |    31 |    50 ||    94
